 Dungeon Crawl Stone Soup version 0.32-a0-913-g739538afd8 (webtiles) character file.

Game seed: 16182585060840193694

346 Gurguzundur the Chopper (level 6, -15/53 HPs)
             Began as a Mountain Dwarf Fighter on Apr 10, 2024.
             Demolished by an ogre
             ... wielding a +0 giant club
              (28 damage)
             ... on level 4 of the Dungeon.
             The game lasted 00:10:12 (3044 turns).

Gurguzundur the Chopper (Mountain Dwarf Fighter)    Turns: 3044, Time: 00:10:13

Health: -15/53     AC: 12    Str: 21    XL:     6   Next: 32%
Magic:  6/6        EV:  8    Int:  8    God:
Gold:   251        SH:  4    Dex:  9    Spells: 5/5 levels left

rFire   . . .        a - +0 war axe
rCold   . . .        c - +0 buckler
rNeg    . . .        b - +0 scale mail
rPois   .            w - +2 hat
rElec   .            e - +0 cloak
rCorr   .            s - +1 pair of gloves
SInv    .            (no boots)
Will    .....        (no amulet) Stlth
                     (no ring)
HPRegen 0.28/turn    (no ring)
MPRegen 0.10/turn

%: no passive effects
@: no status effects
A: runic magic, artefact enchanting
a: no special abilities


You were on level 4 of the Dungeon.
You visited 1 branch of the dungeon, and saw 4 of its levels.

You collected 251 gold pieces.

Inventory:

Hand Weapons
 a - a +0 war axe (weapon)
 g - a +2 dagger of protection
 i - a +2 dagger of flaming
 r - a +3 dagger
Missiles
 f - 5 boomerangs (quivered)
 p - 3 atropa-tipped darts
Armour
 b - a +0 scale mail (worn)
 c - a +0 buckler (worn)
 e - a +0 cloak (worn)
 s - a +1 pair of gloves (worn)
 w - a +2 hat (worn)
Magical Staves
 h - a staff of conjuration
Jewellery
 l - an amulet of magic regeneration
Wands
 v - a wand of mindburst (5)
Scrolls
 j - a scroll of silence {unknown}
 k - a scroll of fear {unknown}
 t - a scroll of acquirement {unknown}
 u - a scroll of torment {unknown}
Potions
 d - 2 potions of might
 m - a potion of cancellation {unknown}
 n - a potion of brilliance {unknown}
 o - a potion of attraction {unknown}
 q - a potion of mutation {unknown}


   Skills:
 + Level 4.6 Fighting
 + Level 5.2 Axes
 + Level 4.6 Armour
 - Level 0.1 Dodging
 + Level 4.6 Shields


You had 5 spell levels left.
You didn't know any spells.
Your spell library was empty.

Dungeon Overview and Level Annotations

Branches:
Dungeon (4/15)
 Temple: D:4-7

Altars:
Kikubaaqudgha


Innate Abilities, Weirdness & Mutations

Your spellcasting is much less encumbered by armour.
You can use scrolls of enchantment on lesser artefacts.


Message History

An ogre comes into view. It is wielding a +0 giant club.
The ogre shouts!
A howler monkey comes into view.
Throw: 5 boomerangs
Press: ? - help, Q - select action, (/) - cycle Shift-Dir - straight line, f - ogre
Aim: an ogre, wielding a +0 giant club (70% to hit)
You throw a boomerang. The boomerang barely misses the ogre.
The howler monkey howls!
The howler monkey hoots and howls with incredible vigour!
The howler monkey hoots and howls with incredible vigour!
You hear an angry hiss.
The howler monkey hoots and howls with incredible vigour!
You open the door.
There is an open door here.
You completely miss the howler monkey.
The howler monkey completely misses you.
The howler monkey hits you but does no damage.
You slash the howler monkey!
The howler monkey is almost dead.
The howler monkey hits you but does no damage.
You slash the howler monkey!
You kill the howler monkey!
You hit the ogre.
The ogre is lightly wounded.
The ogre hits you with a +0 giant club!
You hit the ogre.
The ogre is moderately wounded.
The ogre hits you with a +0 giant club!
You slash the ogre!
The ogre is severely wounded.
The ogre hits you with a +0 giant club!!
* * * LOW HITPOINT WARNING * * *
You hit the ogre.
The ogre is almost dead.
The ogre closely misses you.
You hit the ogre.
The ogre is almost dead.
The ogre hits you with a +0 giant club!!
Ouch! That really hurt!
You die...

..............##......#
..............<.....(.#
+#######......##......#
##......##......#
......#.......#.......#
......#.......#.......#
......#....>..#.......#
.....#.....>.#.......#
#..########.##@##...#
###..###...##'##O##...#
............Oh....)...#
......................#
......................#
##...##...............#
##...########.........#
.....##....##....###+##
......'....#.....##...#


You could see an ogre.

Vanquished Creatures
  Eustachio (D:4)
  A howler monkey (D:4)
  A jelly (D:4)
  An orc wizard (D:4)
  3 adders
  A dart slug (D:1)
  2 ribbon worms
  4 orcs
  5 endoplasms
  4 giant cockroaches
  10 goblins
  6 hobgoblins
  6 jackals
  7 kobolds
  2 quokkas
  4 ball pythons
  5 bats
  3 frilled lizards
  8 rats
74 creatures vanquished.

Notes
Turn   | Place    | Note
-------+----------+-------------------------------------------
     0 | D:1      | Gurguzundur the Mountain Dwarf Fighter began the quest for
                  | the Orb.
     0 | D:1      | Reached XP level 1. HP: 19/19 MP: 1/1
   322 | D:1      | Reached XP level 2. HP: 26/26 MP: 2/2
   408 | D:1      | Reached skill level 3 in Axes
   963 | D:2      | Reached XP level 3. HP: 19/31 MP: 3/3
  1192 | D:2      | Reached skill level 4 in Axes
  1673 | D:2      | Reached XP level 4. HP: 39/39 MP: 4/4
  2191 | D:3      | Found an ancient bone altar of Kikubaaqudgha.
  2768 | D:4      | Noticed Eustachio
  2784 | D:4      | Killed Eustachio
  2785 | D:4      | Reached skill level 5 in Axes
  2785 | D:4      | Reached XP level 5. HP: 18/47 MP: 5/5
  2785 | D:4      | Reached XP level 6. HP: 21/53 MP: 6/6
  3044 | D:4      | Demolished by an ogre

Illustrated notes

Levels and vault maps discovered:
D:1:      lightli_arrival_statuegarden, layout_basic
D:2:      layout_basic, minmay_liquid_box, minmay_goblin_outpost
D:3:      layout_basic, lemuel_doored_altar
D:4:      layout_gridville, serial_shops, nicolae_shop_overgrown_old_shop,
          uniq_eustachio

Skill      XL: |  1  2  3  4 |
---------------+-------------+-----
Axes           | 3 4 5 |  5.2
Fighting       | 4 |  4.6
Armour         | 4 |  4.6
Shields        | 4 |  4.6
Dodging        | |  0.1

Action                     |  1- 3 |  4- 6 || total
---------------------------+-------+-------++-------
  Melee: War axe           |   130 |   123 ||   253
  Throw: Boomerang         |       |     9 ||     9
         Dart              |       |     2 ||     2
 Armour: Scale mail        |   105 |   109 ||   214
  Dodge: Dodged            |    49 |    60 ||   109
  Block: Buckler           |    30 |    17 ||    47

Table legend: (Time is in decaauts)
 A = Elapsed time spent in this place.
 B = Non-inter-level travel time spent in this place.
 C = Inter-level travel time spent in this place.
 D = Time resting spent in this place.
 E = Time spent auto-exploring this place.
 F = Levels seen in this place.
 G = Mean time per level.
                   A        B        C        D        E       F      G
               +--------+--------+--------+--------+--------+-----+--------+
         Total |   3132 |   3032 |    100 |    147 |   2219 |   4 |  783.0 |
       Dungeon |   3132 |   3032 |    100 |    147 |   2219 |   4 |  783.0 |
               +--------+--------+--------+--------+--------+-----+--------+

Top non-repeatable levels by time:
     D:2: 1122 daAuts
     D:1: 948 daAuts
     D:3: 611 daAuts
     D:4: 450 daAuts
